nht, chaotic female elven Wizard |.. |@- |H| |.| |.| |.|. |... --. nht the Conjurer Experience level: 5 Strength: 11 Dexterity: 9 Constitution: 16 Intelligence: 16 Wisdom: 12 Charisma: 12 Health: 0(34) Energy: 12(59) Def: 1 Gold: 1255 Moves: 904 Dungeon seed: xcWJvenc-b7RuxnJ Game ID: nht_1432102534 Your Inventory: Coins $ - 1255 gold pieces Weapons a - a blessed +1 quarterstaff Armor e - an uncursed +0 cloak of magic resistance (being worn) Comestibles z - an uncursed tripe ration C - an uncursed slime mold I - 2 uncursed food rations Scrolls i - an uncursed scroll of identify j - a blessed scroll of identify k - an uncursed scroll of light u - 2 uncursed scrolls of scare monster G - 3 uncursed scrolls of blank paper Spellbooks m - a blessed spellbook of magic missile n - an uncursed spellbook of healing H - a blessed spellbook of blank paper M - an uncursed spellbook of light Potions f - an uncursed potion of invisibility g - 2 uncursed potions of gain energy B - a blessed potion of fruit juice J - an uncursed potion of water L - an uncursed potion of paralysis Rings c - an uncursed ring of stealth (on left hand) d - a blessed +2 ring of increase damage (on right hand) F - a cursed ring of teleportation Wands b - a wand of fire (0:6) q - a wand of cancellation (0:5) K - a wand of striking (0:5) Tools o - a magic marker (0:53) p - an uncursed wooden flute t - an uncursed towel v - an uncursed skeleton key x - a +0 pick-axe (weapon in hand) y - an uncursed stethoscope A - 6 uncursed tallow candles (0:200) Gems r - 2 uncursed worthless pieces of white glass D - an uncursed worthless piece of violet glass N - an uncursed worthless piece of yellow glass Y - an uncursed worthless piece of red glass Spells known in the end: Name Level Category Fail Memory a - force bolt 1 attack 0% 96% b - magic missile 2 attack 0% 96% c - healing 1 healing 0% 96% d - detect monsters 1 divination 0% 99% Your skills at the end: Fighting Skills Weapon Skills quarterstaff [Basic] Spellcasting Skills attack spells [Basic] enchantment spells [Basic] Final Attributes: You were piously aligned. You were sleep resistant. You were magic-protected. You were telepathic. You had infravision. You were stealthy. You had a +2 damage bonus. You are dead. Vanquished creatures: a werewolf 2 gnome lords a gnomish wizard a paper golem a floating eye 2 dwarves a giant bat 2 hobbits a hobgoblin 11 gnomes a gecko a jackal a fox a kobold a lichen 2 newts 30 creatures vanquished. Voluntary challenges: You used a wielded weapon 35 times, starting on turn 45. You read items or engraved 8 times, starting on turn 21. You never genocided any monsters. You never polymorphed an object. You never changed form. You used no wishes. You never split a pudding. You wrote Elbereth's name 6 times, starting on turn 21. You never violated your personal moral code. You disabled loading bones files. Dungeon overview: The Dungeons of Doom: levels 1 to 25 Level 1 a long staircase Level 2 an altar to Anhur stairs to The Gnomish Mines Level 3 Level 4 Level 5 Level 6 Level 7 Level 8 Level 9 many fountains Level 10 Level 11 Level 12 Level 13 a fountain Level 14 Level 15 a fountain Level 16 (quest) Level 17 Level 18 Level 19 Level 20 an altar to Ptah Level 21 Level 22 Level 23 Level 24 Level 25 <- You were here The Gnomish Mines: levels 3 to 5 Level 3 stairs to The Dungeons of Doom Level 4 Level 5 History has recorded: On T:1 you entered the Dungeons of Doom to retrieve the Amulet of Yendor! On T:103 you reached level 2 of The Dungeons of Doom. On T:196 you reached level 1 of The Gnomish Mines. On T:199 you advanced to experience level 2. On T:224 you advanced to experience level 3. On T:255 you advanced to experience level 4. On T:293 you reached level 2 of The Gnomish Mines. On T:315 you advanced to experience level 5. On T:334 you reached level 3 of The Gnomish Mines. On T:422 you reached level 3 of The Dungeons of Doom. On T:451 you reached level 4 of The Dungeons of Doom. On T:494 you reached level 6 of The Dungeons of Doom. On T:513 you reached level 7 of The Dungeons of Doom. On T:531 you reached level 8 of The Dungeons of Doom. On T:583 you reached level 9 of The Dungeons of Doom. On T:614 you reached level 10 of The Dungeons of Doom. On T:636 you reached level 11 of The Dungeons of Doom. On T:642 you reached level 12 of The Dungeons of Doom. On T:663 you reached level 13 of The Dungeons of Doom. On T:685 you reached level 14 of The Dungeons of Doom. On T:704 you reached level 15 of The Dungeons of Doom. On T:732 you reached level 16 of The Dungeons of Doom. On T:752 you reached level 17 of The Dungeons of Doom. On T:771 you reached level 18 of The Dungeons of Doom. On T:790 you reached level 19 of The Dungeons of Doom. On T:809 you reached level 20 of The Dungeons of Doom. On T:828 you reached level 21 of The Dungeons of Doom. On T:851 you reached level 22 of The Dungeons of Doom. On T:856 you reached level 23 of The Dungeons of Doom. On T:877 you reached level 24 of The Dungeons of Doom. On T:896 you reached The Castle. Score breakdown: Gold: 1255 (10541 points) Experience: 5 levels (11141 points) Exploration: 25 levels ( 52.08%) (21437 points) Discoveries: 3 items ( 1.08%) ( 3122 points) Valuables value: (no points given unless you survive) Artifact value: 0 ( 0 points) Variety of kills: 16 monsters ( 4.22%) ( 6163 points) Time penalty: 904 turns ( 0 points) Survival: died (score multiplied by 80%) Total score: 41923 Latest messages: A red gem lands on the altar. The potion of sleeping misses the minotaur. An uncursed potion of sleeping shatters! You smell a peculiar odor... You yawn. The minotaur hits! (2x) You die... Final status: Goodbye nht the Wizard, killed by a minotaur... You died in The Dungeons of Doom on dungeon level 25 with 41923 points, and 1255 pieces of gold, after 904 moves. You were level 5 with a maximum of 34 hit points when you died.